AoeStats
← [JG]Moonjumper

Black Forest

507947512Analyzed
2v2 RM · 12d ago on Sep 20, 2026· 42m 15s· 4 players
Game mode
Random Map
Map size
Medium (4 player)
Population
200
Speed
Normal
Resources
Standard
Victory
Conquest
Starting age
Dark Age
Ending age
Imperial Age
RankedLock teamsTeams togetherTeam positionsShared explorationLock speedFull tech treeHidden civsTurbo modeCheats
Victory
Defeat
🇵🇱 Muisca · Poland
947
+15
🇺🇸 Romans · United States
933
+16
🇨🇿 Bohemians · Czechia
996
-38
🇨🇿 Franks · Czechia
855
-12
Chef
9:54 Loom
12:43 Feudal Age
14:43 Double-Bit Axe
22:54 Castle Age
25:50 Bow Saw
25:36 Gold Mining
25:37 Stone Mining
28:02 Scale Barding Armor
28:08 Forging
39:16 Imperial Age
36:51 Husbandry
39:20 Cavalier
41:14 Chain Barding Armor
41:29 Iron Casting
41:36 Conscription
BabkaYaga
10:42 Feudal Age
11:20 Double-Bit Axe
11:18 Horse Collar
14:25 Wheelbarrow
15:45 Horse Collar
20:50 Castle Age
23:27 Heavy Plow
23:40 Bow Saw
26:07 Hand Cart
33:36 Imperial Age
37:05 Siege Engineers
[JG]Moonjumper
1:29 Loom
11:11 Feudal Age
12:21 Double-Bit Axe
12:17 Horse Collar
17:27 Castle Age
17:00 Stone Mining
17:51 Wheelbarrow
18:25 Bow Saw
18:15 Heavy Plow
23:05 Gold Mining
25:01 Hand Cart
25:12 Fletching
25:25 Padded Archer Armor
26:39 Bodkin Arrow
27:01 Leather Archer Armor
28:50 Thumb Ring
28:06 Crossbowman
30:42 Elite Skirmisher
34:30 Imperial Age
33:07 Town Watch
33:24 Scale Mail Armor
33:34 Forging
33:47 Ballistics
33:38 Masonry
33:09 Treadmill Crane
33:46 Murder Holes
35:37 Onager
36:19 Bracer
37:21 Chemistry
35:43 Arbalester
37:24 Hoardings
37:10 Conscription
37:27 Town Patrol
38:00 Crop Rotation
38:30 Two-Man Saw
38:06 Gold Shaft Mining
38:06 Stone Shaft Mining
38:11 Chain Mail Armor
38:31 Iron Casting
37:35 Capped Ram
38:51 Squires
40:13 Herbalism
41:12 Plate Mail Armor
40:54 Fervor
41:05 Sanctity
41:47 Elite Temple Guard
adam_lomzyca
0:27 Loom
13:52 Feudal Age
15:08 Wheelbarrow
14:22 Double-Bit Axe
14:23 Horse Collar
21:04 Gold Mining
21:06 Stone Mining
23:32 Castle Age
24:31 Hand Cart
25:11 Forging
25:04 Scale Mail Armor
24:27 Man-at-Arms
24:29 Pikeman
25:14 Squires
27:58 Iron Casting
28:19 Long Swordsman
30:56 Caravan
32:11 Fletching
32:40 Bow Saw
32:33 Heavy Plow
32:21 Town Watch
34:26 Bodkin Arrow
36:42 Fortified Wall
37:26 Masonry
38:29 Ballistas
38:36 Elite Skirmisher
42:00 Imperial Age
41:22 Gold Shaft Mining
42:09 Heavy Scorpion
Connection lost

Rejoining the realm…

Still unreachable

The connection could not be restored.

Session expired

The server has moved on; the page needs a fresh start.